 Dungeon Crawl Stone Soup version 0.29.1-2-gbd0b4ee654 (webtiles) character file.

Game seed: 5896176722475254473

131 Sabo the Covered (level 4, -5/40 HPs)
             Began as a Minotaur Fighter on Nov 6, 2022.
             Slain by a river rat (7 damage)
             ... in a sewer.
             The game lasted 00:13:12 (2648 turns).

Sabo the Covered (Minotaur Fighter)                 Turns: 2648, Time: 00:13:13

Health: -5/40      AC:  9    Str: 23    XL:     4   Next: 91%
Magic:  3/3        EV:  7    Int:  5    God:
Gold:   154        SH:  4    Dex:  9    Spells: 3/3 levels left

rFire   . . .      SeeInvis .   a - +0 war axe
rCold   . . .      Faith    .   c - +0 buckler
rNeg    . . .      Spirit   .   g - +0 chain mail
rPois   .          Reflect  .   (helmet restricted)
rElec   .          Harm     .   (no cloak)
rCorr   .          Rampage  .   (no gloves)
Will    .....                   (no boots)
Stlth   ..........              (no amulet)
HPRegen 0.13/turn               (no ring)
MPRegen 0.08/turn               (no ring)

@: mighty
A: horns 2, retaliatory headbutt
a: no special abilities


You were in a sewer.
You visited 1 branch of the dungeon, and saw 3 of its levels.
You also visited: Sewer.

You collected 214 gold pieces.
You spent 60 gold pieces at shops.

Inventory:

Hand Weapons
 a - a +0 war axe (weapon)
 e - a +0 sling
Missiles
 h - 3 poisoned darts (quivered)
Armour
 c - a +0 buckler (worn)
 g - a +0 chain mail (worn)
Scrolls
 b - a scroll of identify {unknown}
 i - 3 scrolls of fog
 j - 2 scrolls of fear {unknown}
 k - a scroll of enchant armour {unknown}
 l - a scroll of immolation {unknown}
 n - a scroll of poison {unknown}
 q - a scroll of vulnerability {unknown}
Potions
 f - a potion of berserk rage {unknown}
 m - a potion of mutation {unknown}
 p - a potion of curing {unknown}


   Skills:
 + Level 4.1 Fighting
 + Level 4.1 Axes
 + Level 5.0 Armour
 + Level 0.3 Dodging
 + Level 4.1 Shields


You had 3 spell levels left.
You didn't know any spells.
Your spell library contained the following spells:

 Spells                   Type           Power      Damage    Failure   Level
 Summon Small Mammal      Summ           0%         N/A       99%         1
 Call Canine Familiar     Summ           0%         N/A       100%        3
 Summon Guardian Golem    Hex/Summ       0%         N/A       100%        3


Dungeon Overview and Level Annotations

Branches:
Dungeon (3/15)              Sewer (1/1)

Altars:
Fedhas
Trog
Uskayaw

Shops:
D:2 !


Innate Abilities, Weirdness & Mutations

You have a pair of horns on your head.
You reflexively headbutt those who attack you in melee.


Message History

You kill the rat!
You barely miss the river rat.
The river rat bites you but does no damage.
The river rat closely misses you. The river rat bites you. x2
* * * LOW HITPOINT WARNING * * *
Your Axes skill increases to level 4!
You hit the river rat but do no damage. You closely miss the river rat.
The river rat bites you but does no damage. x2
You barely miss the river rat. You barely miss the rat.
You barely miss the river rat. The river rat closely misses you.
You furiously retaliate!
You headbutt the river rat, but do no damage.
You block the river rat's attack. You block the rat's attack.
You hit the river rat.
The river rat is lightly wounded.
You hit the rat.
You kill the rat!
You hit the river rat but do no damage. You block the river rat's attack.
The river rat bites you but does no damage.
The river rat completely misses you. You furiously retaliate!
You headbutt the river rat. The river rat bites you.
* * * LOW HITPOINT WARNING * * *
You closely miss the river rat.
The river rat is moderately wounded.
You barely miss the river rat. The river rat barely misses you.
The river rat closely misses you.
You closely miss the river rat.
The river rat is moderately wounded.
You barely miss the river rat. The river rat bites you.
* * * LOW HITPOINT WARNING * * *
The river rat bites you but does no damage.
Unknown command.
You feel very mighty all of a sudden. You block the river rat's attack.
The river rat barely misses you. You furiously retaliate!
You headbutt the river rat.
You kill the river rat!
You hit the river rat.
The river rat is heavily wounded.
The river rat bites you!
You die...

##.~
~~.~
##.~~
#...
##.~#
#~~~
#~†#
#.@#
#†r#
#.~#
#.~#
#.~~
##.~#
#~~.
##~~.
...~


You could see a river rat.

Vanquished Creatures
  2 adders (D:2)
  4 gnolls (D:3)
  A river rat (Sewer)
  3 worms (D:2)
  A dart slug (D:3)
  An orc (D:3)
  7 ball pythons
  A bat (D:3)
  5 endoplasms
  4 goblins
  3 hobgoblins
  4 jackals (D:1)
  2 quokkas
  5 frilled lizards
  5 kobolds (D:3)
  7 rats
55 creatures vanquished.

Notes
Turn   | Place    | Note
-------+----------+-------------------------------------------
     0 | D:1      | Sabo the Minotaur Fighter began the quest for the Orb.
     0 | D:1      | Reached XP level 1. HP: 19/19 MP: 0/0
   225 | D:1      | Reached XP level 2. HP: 22/27 MP: 1/1
   927 | D:1      | Reached skill level 4 in Armour
  1233 | D:2      | Reached XP level 3. HP: 33/33 MP: 2/2
  1247 | D:2      | Found Faoc's Distillery.
  1281 | D:2      | Bought a potion of heal wounds for 60 gold pieces
  1681 | D:2      | Found a blossoming altar of Fedhas.
  2175 | D:3      | Found a hide-covered altar of Uskayaw.
  2175 | D:3      | Found a bloodstained altar of Trog.
  2218 | D:3      | Reached XP level 4. HP: 19/40 MP: 3/3
  2219 | D:3      | Reached skill level 5 in Armour
  2625 | D:3      | Found a glowing drain.
  2631 | Sewer    | Entered a sewer
  2646 | Sewer    | HP: 1/40 [river rat (6)]
  2648 | Sewer    | Slain by a river rat

Illustrated notes

Levels and vault maps discovered:
D:1:      sevenhm_arrival_forest_fort_small_6, layout_loops_corners,
          minmay_tromino_mix6
D:2:      layout_basic, serial_shops, nicolae_lakefront_shop, basic_altar,
          minivault_27, minmay_misc_feat_room
D:3:      layout_basic, nicolae_overflow_two_pavilions, portal_sewer_entry_e,
          minmay_misc_feat_diagonals, kennysheep_generic_room_16
Sewer:    sewer_hellmonk_bad_rat

Skill      XL: |  1  2  3  4 |
---------------+-------------+-----
Armour         | 4 5 |  5.0
Shields        | 4 |  4.1
Fighting       | 4 |  4.1
Axes           | 3 4 |  4.1
Dodging        | |  0.3

Action                   |  1- 3 |  4- 6 || total
-------------------------+-------+-------++-------
Melee: War axe           |    75 |    43 ||   118
       Headbutt          |     7 |     5 ||    12
Throw: Dart              |     3 |       ||     3
  Use: Scroll            |     1 |       ||     1
       Potion            |     1 |     1 ||     2
Armor: Scale mail        |     6 |       ||     6
       Chain mail        |    30 |    30 ||    60
Dodge: Dodged            |    43 |    13 ||    56
Block: Buckler           |    23 |     9 ||    32
